 Dungeon Crawl Stone Soup version 0.24-a0-441-g27f0392e16 (console) character file.

Game seed: 10618438243823711477

50652 Voker57 the Fighter (level 14, -8/110 HPs)
             Began as a Demonspawn Monk on June 19, 2019.
             Was a High Priest of Hepliaklqana.
             Mangled by a swamp worm (21 damage)
             ... on level 6 of the Lair of Beasts.
             The game lasted 00:33:57 (16635 turns).

Voker57 the Fighter (Demonspawn Monk)              Turns: 16635, Time: 00:33:58

Health: -8/110     AC: 10    Str: 12    XL:     14   Next: 20%
Magic:  21/21      EV: 21    Int: 11    God:    Hepliaklqana [*****.]
Gold:   521        SH: 17    Dex: 21    Spells: 13/13 levels left

rFire    + . .     SeeInvis .   a - +4 demon blade
rCold    + . .     Gourm    .   x - +1 shield
rNeg     . . .     Faith    .   C - +1 troll leather armour
rPois    .         Spirit   .   v - +1 hat
rElec    .         Reflect  +   n - +0 cloak
rCorr    .         Harm     .   (no gloves)
MR       +....                  R - +0 pair of boots
Stlth    ++........             L - +4 amulet of reflection
HPRegen  0.68/turn              s - ring of protection from fire
MPRegen  0.17/turn              (no ring)

@: no status effects
A: reduced essence, rugged brown scales 2, cold resistance 1, spiny 2
a: Recall Ancestor, Ancestor Identity, Transference, Idealise, Renounce Religion


You were on level 6 of the Lair of Beasts.
You worshipped Hepliaklqana.
Hepliaklqana was extremely pleased with you.
You were not hungry.

You visited 2 branches of the dungeon, and saw 18 of its levels.
You also visited: Volcano.

You collected 889 gold pieces.
You spent 368 gold pieces at shops.

Inventory:

Hand Weapons
 a - a +4 demon blade (weapon)
 b - a +3 scimitar of flaming
 S - a +0 spear of venom
Missiles
 Q - 5 curare-tipped darts (quivered)
Armour
 n - a +0 cloak (worn)
 v - a +1 hat (worn)
 x - a +1 shield (worn)
 C - a +1 troll leather armour (worn)
 F - the -2 cloak of Valour {Regen+ Dex+2}
   (You found it on level 5 of the Dungeon)

   It affects your dexterity (+2).
   It increases your rate of regeneration.
 H - a +0 robe of magic resistance
 R - a +0 pair of boots (worn)
Jewellery
 g - an uncursed ring of ice
 s - a ring of protection from fire (left hand)
 y - an uncursed amulet of rage
 E - an uncursed amulet of guardian spirit
 I - an uncursed amulet of regeneration
 L - a +4 amulet of reflection (around neck)
Wands
 l - a wand of acid (11)
 w - a wand of enslavement (15)
 K - a wand of flame (46)
 M - a wand of iceblast (8)
Scrolls
 d - 2 scrolls of fear
 i - 10 scrolls of teleportation
 m - 5 scrolls of identify
 o - 7 scrolls of fog
 q - 7 scrolls of remove curse
 t - 3 scrolls of amnesia
 B - a scroll of blinking
 D - 5 scrolls of magic mapping
 N - a scroll of enchant weapon
Potions
 e - 4 potions of heal wounds
 f - 3 potions of agility
 h - 2 potions of might
 j - 2 potions of resistance
 k - 3 potions of ambrosia
 p - 10 potions of curing
 r - 3 potions of haste {unknown}
 z - a potion of mutation {unknown}
 A - 3 potions of lignification {unknown}
 G - 3 potions of flight
 O - 2 potions of brilliance {unknown}
 P - 2 potions of berserk rage {unknown}
Comestibles
 c - 33 rations
 u - 3 chunks of flesh


   Skills:
 + Level 12.4 Fighting
 * Level 11.0 Long Blades
   Level 2.6 Maces & Flails
 + Level 11.4 Dodging
 - Level 1.7 Stealth
 + Level 10.9 Shields
 + Level 9.9 Invocations


You had 13 spell levels left.
You didn't know any spells.
Your spell library contained the following spells:

 Spells                   Type           Power        Failure   Level  Hunger
 Animate Skeleton         Necr           N/A          61%         1    ##.....
 Corona                   Hex            #......      61%         1    ##.....
 Pain                     Necr           #...         61%         1    ##.....
 Ensorcelled Hibernation  Hex/Ice        #.....       75%         2    ###....
 Slow                     Hex            #.......     75%         2    ###....
 Inner Flame              Hex/Fire       #.......     93%         3    ####...
 Portal Projectile        Hex/Tloc       #.....       93%         3    ####...
 Regeneration             Chrm/Necr      #.........   93%         3    ####...
 Vampiric Draining        Necr           #.........   93%         3    ####...
 Animate Dead             Necr           N/A          100%        4    #####..
 Cause Fear               Hex            #.........   100%        4    #####..
 Leda's Liquefaction      Hex/Erth       #.........   100%        4    #####..
 Borgnjor's Vile Clutch   Necr/Erth      #.........   100%        5    ######.
 Silence                  Hex/Air        #.........   100%        5    ######.
 Darkness                 Hex            #.........   100%        6    #######
 Shadow Creatures         Summ           N/A          100%        6    #######


Dungeon Overview and Level Annotations

Branches:
Dungeon (12/15)            Temple (0/1) D:7            Lair (6/6) D:10
  Swamp (0/4) Lair:4       Spider (0/4) Lair:2        Slime (0/5) Lair:5
    Orc: D:9-12

Altars:
Fedhas
Gozag
Hepliaklqana
Makhleb
Okawaru
Sif Muna
Zin
The Shining One
Jiyva

Shops:
D:9 =%!(

Annotations:
Lair:5 1 runed translucent door


Innate Abilities, Weirdness & Mutations

You are mostly covered in rugged brown scales. (AC +2, +5% HP)
Your flesh is cold resistant. (rC+)
You are mostly covered in sharp spines.
Your life essence is reduced to manifest your ancestor. (-10% HP)


Message History

The tyrant leech is struck by your spines.
The tyrant leech barely misses you.
You riposte.
You hit the tyrant leech.
The tyrant leech is moderately wounded.
Cashile barely misses the electric eel.
The bullfrog hits Cashile.
The electric eel shoots out a bolt of lightning at you!
The bolt of electricity hits you!
* * * LOW HITPOINT WARNING * * *
You block the swamp worm's attack.
The spiny frog closely misses Cashile.
A crocodile comes into view.
You block the swamp worm's attack. The swamp worm bites you!!
* * * LOW HITPOINT WARNING * * *
The moth of wrath goads the tyrant leech on!
The tyrant leech goes berserk!
The swamp worm is struck by your spines.
The swamp worm closely misses you.
The swamp worm is struck by your spines.
The swamp worm bites you!!
You die...

......††.....P≈≈#≈
P..P..#†.(.....≈≈≈
##...#..F.....≈≈P #
#.....R####..≈≈≈ # ###
###.......#..P.≈≈ ## #..#
#....y........P≈P #≈ #...
###......wt.......≈ ##P
##..##.........#.......P
#≈≈
#...P..#....w.##.t.....≈
#≈≈
##PPPP......@.###..≈≈≈.≈
#≈≈ #........###..#
...≈... ##≈≈
#..#..##..###.#†##
...P### #...
..........###...# #...##
####
#..###.#..##...###...#.
######.
##...#.#........#.
#....#.
#.....#PP........P......#
##..#.#.......##..P##....
#..###...P##### #..#.
#...####.## ###.#


You could see the friendly Cashile the battlemage, a tyrant leech (berserk), a
moth of wrath, a spiny frog, a swamp worm (berserk) and a crocodile.

Vanquished Creatures
  The ghost of adept the Fighter, a journeyman GrEE of Okawaru (Lair:5)
  5 hydras
  Harold (D:9)
  A catoblepas (Lair:6)
  4 death yaks (Lair:5)
  A fire crab (Volcano)
  An oklob plant (Lair:4)
  3 elephants
  5 black mambas
  A torpor snail (Lair:5)
  7 spiny frogs
  3 komodo dragons
  Grinder (D:5)
  2 dream sheep (Lair:5)
  12 blink frogs
  3 hippogriffs
  A spriggan (D:11)
  A wyvern (Lair:2)
  17 yaks
  6 fire bats (Volcano)
  A steam dragon (Volcano)
  2 basilisks
  A hungry ghost (D:11)
  5 vampire mosquitoes (Lair:6)
  Menkaure (D:4)
  11 water moccasins
  9 porcupines
  3 hell hounds (Volcano)
  A sky beast (D:6)
  An ice beast (D:9)
  An orc warrior (D:9)
  A phantom (D:4)
  5 ogres
  4 centaurs
  9 crocodiles
  14 bullfrogs
  2 scorpions
  4 wights (D:7)
  19 killer bees
  4 howler monkeys
  2 crimson imps
  4 centaur zombies
  A bullfrog zombie (D:7)
  3 jellies
  5 orc priests
  4 bullfrog skeletons
  3 hounds
  3 iguanas
  9 orc wizards
  A battlemage (Lair:1)
  A worker ant (D:11)
  Natasha (D:3)
  3 hell rats (Lair:5)
  A killer bee zombie (D:9)
  A hound zombie (D:8)
  A hound skeleton (D:10)
  A mummy (D:5)
  A worker ant zombie (D:5)
  6 gnolls
  10 adders
  2 shadow imps (D:6)
  An adder skeleton (D:5)
  3 worms
  3 dart slugs
  3 leopard geckos
  19 orcs
  7 bats
  10 giant cockroaches
  8 goblins
  8 hobgoblins
  8 jackals
  8 kobolds
  3 quokkas
  5 frilled lizards
  2 goblin zombies (D:9)
  3 hobgoblin zombies (D:9)
  3 kobold zombies
  An orc skeleton (D:9)
  4 orc zombies
  A quokka skeleton (D:4)
  7 rats
344 creatures vanquished.

Vanquished Creatures (collateral kills)
  2 death yaks (Lair:5)
  Erica (Lair:2)
  3 oklob plants (Lair:4)
  A wolf spider (Lair:2)
  A cyclops (D:11)
  Joseph (D:9)
  An elephant (Lair:3)
  3 black mambas
  9 spiny frogs
  A rime drake (Lair:1)
  4 komodo dragons
  2 trolls
  A tyrant leech (Lair:6)
  A hippogriff (Lair:1)
  11 blink frogs
  7 dream sheep
  A vampire (D:10)
  11 yaks
  A basilisk (Lair:3)
  A fire elemental (Lair:3)
  A vampire mosquito (Lair:6)
  7 water moccasins
  6 porcupines
  A hell hound (Volcano)
  2 orc warriors
  A black bear (D:10)
  2 ogres
  A centaur (D:7)
  5 crocodiles
  7 bullfrogs
  A scorpion (D:8)
  10 killer bees
  5 wights (D:7)
  2 lava snakes (Lair:3)
  A bullfrog zombie (D:8)
  An iron imp (D:9)
  3 jellies
  2 hounds
  A gnoll shaman (D:10)
  Jessica (D:9)
  An iguana (Lair:4)
  2 worker ants
  A hell rat (Lair:5)
  2 orc wizards (D:11)
  A hound zombie (D:10)
  A worker ant zombie (D:7)
  2 gnolls (D:8)
  An adder (D:8)
  A shadow imp (D:8)
  2 leopard geckos
  3 orcs (D:10)
  A giant cockroach (D:7)
  3 jackals (D:7)
  A quokka (D:7)
  A goblin zombie (D:9)
  2 hobgoblin zombies (D:9)
  A kobold skeleton (D:9)
  A kobold zombie (D:9)
  2 orc skeletons (D:9)
  A fire vortex (Lair:3)
  2 plants
155 creatures vanquished.

Vanquished Creatures (others)
  A queen bee (Lair:1)
  2 killer bees (Lair:1)
  18 battlemagi
  24 fungi
  33 plants
78 creatures vanquished.

Grand Total: 577 creatures vanquished

Notes
Turn   | Place    | Note
-------+----------+-------------------------------------------
     0 | D:1      | Voker57 the Demonspawn Monk began the quest for the Orb.
     0 | D:1      | Reached XP level 1. HP: 18/18 MP: 1/1
   205 | D:1      | Gained mutation: You are partially covered in rugged brown
                  | scales. (AC +1, +3% HP) [demonic ancestry]
   205 | D:1      | Reached XP level 2. HP: 18/24 MP: 2/2
   622 | D:1      | Reached XP level 3. HP: 30/30 MP: 3/3
   798 | D:1      | You fall into a shaft and drop 1 floor!
   889 | D:2      | Reached skill level 4 in Fighting
  1318 | D:2      | Reached XP level 4. HP: 37/38 MP: 4/4
  2299 | D:3      | Noticed Natasha
  2310 | D:3      | Killed Natasha
  2310 | D:3      | Reached skill level 1 in Shields
  2310 | D:3      | Gained mutation: You are partially covered in sharp spines.
                  | [demonic ancestry]
  2310 | D:3      | Reached XP level 5. HP: 35/44 MP: 5/5
  2542 | D:4      | Noticed Menkaure
  2888 | D:4      | Found an iron altar of Okawaru.
  3010 | D:4      | Noticed an ogre
  3016 | D:4      | Killed an ogre
  3016 | D:4      | Reached skill level 5 in Fighting
  3016 | D:4      | Reached XP level 6. HP: 44/52 MP: 6/6
  3348 | D:4      | Killed Menkaure
  3348 | D:4      | Reached skill level 5 in Dodging
  3348 | D:4      | Gained mutation: Your flesh is cold resistant. (rC+)
                  | [demonic ancestry]
  3348 | D:4      | Reached XP level 7. HP: 27/57 MP: 7/7
  3969 | D:5      | Entered Level 5 of the Dungeon
  4035 | D:5      | Reached skill level 6 in Fighting
  4210 | D:5      | Got a heavily runed cloak
  4222 | D:5      | Identified the -2 cloak of Valour {Regen+ Dex+2} (You found
                  | it on level 5 of the Dungeon)
  4375 | D:5      | Noticed Grinder
  4383 | D:5      | Paralysed by Grinder for 6 turns
  4395 | D:5      | Killed Grinder
  4395 | D:5      | Gained mutation: You are mostly covered in rugged brown
                  | scales. (AC +2, +5% HP) [demonic ancestry]
  4395 | D:5      | Reached XP level 8. HP: 49/68 MP: 8/8
  4868 | D:6      | Reached skill level 7 in Fighting
  4892 | D:6      | Reached skill level 5 in Shields
  5132 | D:6      | Found a hazy altar of Hepliaklqana.
  5251 | D:6      | Found a blossoming altar of Fedhas.
  5295 | D:6      | Became a worshipper of Hepliaklqana the Forgotten
  5295 | D:6      | Reached * piety under Hepliaklqana
  5295 | D:6      | Reached ** piety under Hepliaklqana
  5296 | D:6      | Remembered your ancestor Cashile as a battlemage
  5401 | D:7      | Reached XP level 9. HP: 68/68 MP: 9/9
  5464 | D:6      | Reached skill level 8 in Fighting
  5573 | D:7      | Found a burning altar of Makhleb.
  5806 | D:7      | Found a staircase to the Ecumenical Temple.
  6094 | D:8      | Reached *** piety under Hepliaklqana
  6186 | D:8      | Found a glowing silver altar of Zin.
  6187 | D:8      | Found an opulent altar of Gozag.
  6406 | D:8      | Reached skill level 9 in Fighting
  6513 | D:8      | Reached XP level 10. HP: 73/78 MP: 10/10
  6886 | D:9      | Noticed Jessica
  6888 | D:9      | Noticed Joseph
  6894 | D:9      | Killed Jessica
  6903 | D:9      | Killed Joseph
  6949 | D:9      | Found a deep blue altar of Sif Muna.
  6979 | D:9      | Found Guumep's Food Shoppe.
  7049 | D:9      | Found a glowing golden altar of the Shining One.
  7309 | D:9      | Found Pouxtekir's Antique Weapon Shoppe.
  7363 | D:9      | Bought a demon blade for 270 gold pieces
  7396 | D:9      | Found Wuzaycai's Distillery.
  7413 | D:9      | Bought a potion of agility for 56 gold pieces
  7413 | D:9      | Bought a potion of curing for 42 gold pieces
  7498 | D:9      | Found Docuq's Jewellery Boutique.
  7542 | D:9      | Noticed Harold
  7551 | D:9      | Killed Harold
  7875 | D:10     | Entered Level 10 of the Dungeon
  7954 | D:10     | Reached **** piety under Hepliaklqana
  8174 | D:10     | Found a staircase to the Lair.
  8943 | D:11     | Reached skill level 10 in Fighting
  9126 | D:11     | Reached XP level 11. HP: 74/85 MP: 11/11
  9679 | D:12     | Reached skill level 5 in Long Blades
  9696 | D:12     | Reached skill level 1 in Invocations
  9849 | Lair:1   | Entered Level 1 of the Lair of Beasts
 10030 | Lair:1   | Reached ***** piety under Hepliaklqana
 11095 | Lair:2   | Found a hole to the Spider Nest.
 11095 | Lair:2   | Noticed a wolf spider
 11097 | Lair:2   | Noticed a four-headed hydra
 11110 | Lair:2   | Noticed Erica
 11311 | Lair:2   | Killed a four-headed hydra
 11311 | Lair:2   | Reached skill level 5 in Invocations
 11311 | Lair:2   | Reached XP level 12. HP: 78/94 MP: 15/15
 11552 | Lair:2   | Reached skill level 10 in Dodging
 11602 | Lair:2   | Killed Erica
 11831 | Lair:3   | Reached skill level 11 in Fighting
 11947 | Lair:3   | Found a dark tunnel.
 11965 | Volcano  | Entered a volcano
 12896 | Lair:3   | Noticed a six-headed hydra
 12905 | Lair:3   | Killed a three-headed hydra
 13688 | Lair:4   | Noticed a four-headed hydra
 13812 | Lair:4   | Killed a one-headed hydra
 14094 | Lair:4   | Gained mutation: You are mostly covered in sharp spines.
                  | [demonic ancestry]
 14094 | Lair:4   | Reached XP level 13. HP: 95/100 MP: 18/18
 14176 | Lair:4   | Reached skill level 10 in Shields
 14416 | Lair:4   | Found a staircase to the Swamp.
 15107 | Lair:5   | Found a runed translucent door.
 15111 | Lair:5   | Found a viscous altar of Jiyva.
 15112 | Lair:5   | Noticed an azure jelly
 15112 | Lair:5   | Noticed an azure jelly
 15113 | Lair:5   | Found a staircase to the Slime Pits.
 15145 | Lair:5   | Found a runed translucent door.
 15298 | Lair:5   | Reached skill level 10 in Long Blades
 15566 | Lair:5   | Reached skill level 12 in Fighting
 15848 | Lair:5   | Reached ****** piety under Hepliaklqana
 15993 | Lair:5   | Noticed adept's ghost (journeyman GrEE)
 16156 | Lair:5   | Killed adept's ghost
 16177 | Lair:6   | Entered Level 6 of the Lair of Beasts
 16357 | Lair:6   | Reached XP level 14. HP: 80/109 MP: 21/21
 16635 | Lair:6   | Mangled by a swamp worm

Levels and vault maps discovered:
D:1:      matt_arrival_grand_opening, layout_basic, minmay_pentomino_v4
D:2:      layout_loops_ring, grunt_ministairs_2
D:3:      layout_rooms, uniq_natasha
D:4:      layout_loops_ring, okawaru_ov_weapons_minmay, uniq_menkaure
D:5:      layout_basic, first_ration, minmay_mini_ossuary, uniq_grinder
D:6:      layout_rooms, lemuel_crystal_altar, lemuel_round_altar
D:7:      layout_cave_pools, lemuel_doored_altar, minmay_temple_entry_hall
D:8:      layout_basic, grunt_temple_overflow_gold_and_silver
D:9:      layout_loops_corners, tgw_sif, nicolae_tso_besieged_by_evil,
          serial_shops, kennysheep_mini_moat, shop, shop, shop, uniq_joseph,
          uniq_harold
D:10:     layout_irregular_city, grunt_lair_entry_orc_guard_hut
D:11:     layout_stronghold, the_bakery, minmay_misc_feat_pillars
D:12:     layout_gridville, david_orc_5, uniq_jorgrun
Lair:1:   layout_long_grid, special_room [special_room_bee], grunt_megastairs_4
Lair:2:   layout_long_grid, spider_nest_entry_rubble, serial_bayou_lagoon_a,
          chequers_serial_rivers_marsh, uniq_erica
Lair:3:   layout_gridlike, enter_volcano_1, grunt_megastairs_1,
          serial_bayou_shore_b
Lair:4:   layout_cave_pods, minmay_swamp_entry_reptiles,
          minmay_lair_oklob_chamber
Lair:5:   layout_misc_corridors, slime_altar_2, ebering_ghost_reflecting_pool
Lair:6:   minmay_lair_end_frog_pond, layout_loops_ring, special_room
          [special_room_mythical_zoo], worms_lemuel

Skill      XL: |  1  2  3  4  5  6  7  8  9 10 11 12 13 14 |
---------------+-------------------------------------------+-----
Dodging        | 3 4 5 7 8 9 10 11 | 11.4
Fighting       | 4 5 6 7 9 10 11 12 | 12.4
Shields        | 1 2 4 5 7 8 9 10 | 10.9
Long Blades    | 4 7 9 10 11 | 11.0
Invocations    | 5 7 9 |  9.9
Maces & Flails | |  2.6
Stealth        | |  1.7

Action                   |  1- 3 |  4- 6 |  7- 9 | 10-12 | 13-15 || total
-------------------------+-------+-------+-------+-------+-------++-------
Melee: Mace              |    13 |       |       |       |       ||    13
       Spear             |    94 |   140 |   283 |    16 |       ||   533
       Morningstar       |       |       |    53 |    30 |       ||    83
       Demon blade       |       |       |       |   420 |   293 ||   713
       Scimitar          |       |       |       |     8 |    53 ||    61
Throw: Dart              |       |     1 |       |     8 |       ||     9
Invok: Ancestor Life: Ba |       |       |     1 |       |       ||     1
       Transference      |       |       |       |     1 |       ||     1
       Idealise          |       |       |       |       |     1 ||     1
Evoke: Wand              |       |     1 |     1 |    10 |     3 ||    15
  Use: Scroll            |       |     5 |     1 |    23 |     3 ||    32
       Potion            |       |       |       |     1 |     1 ||     2
 Stab: Sleeping          |     9 |    11 |    11 |     6 |     3 ||    40
       Distracted        |       |       |     2 |     9 |     4 ||    15
       Petrified         |       |       |       |       |     1 ||     1
  Eat: Chunk             |     1 |     7 |     7 |    19 |     9 ||    43
       Ration            |       |       |     1 |     2 |       ||     3
Armor: Robe              |    19 |    15 |     1 |       |       ||    35
       Leather armour    |       |       |    31 |    15 |       ||    46
       Troll leather arm |       |       |       |    45 |    33 ||    78
Dodge: Dodged            |    58 |    55 |   143 |   281 |   161 ||   698
Block: Shield            |       |    29 |   141 |   410 |   231 ||   811
       Reflection        |       |       |       |     4 |     1 ||     5
       Rpst.: Demon blade |       |       |       |    73 |    34 ||   107
       Scimitar          |       |       |       |       |     5 ||     5

Table legend:
 A = Non-vault XP
 B = Vault XP
 C = Vault XP percentage of total XP
 D = Non-vault monster count
 E = Vault monster count
 F = Vault count percentage of total count
                 A         B        C        D         E       F
            +---------+---------+-------+---------+---------+-------
      Total |   46056 |   26305 |  36.4 |     366 |     129 |  26.1
            +---------+---------+-------+---------+---------+-------
        D:1 |      49 |       7 |  12.5 |      18 |       3 |  14.3
        D:2 |      69 |       3 |   4.2 |      26 |       2 |   7.1
        D:3 |      62 |      35 |  36.1 |      19 |       1 |   5.0
        D:4 |     467 |     172 |  26.9 |      13 |       1 |   7.1
        D:5 |     761 |     280 |  26.9 |      19 |       6 |  24.0
        D:6 |     861 |       0 |   0.0 |      22 |       0 |   0.0
        D:7 |    1404 |       0 |   0.0 |      35 |       0 |   0.0
        D:8 |    1535 |       0 |   0.0 |      33 |       0 |   0.0
        D:9 |     540 |    1512 |  73.7 |       8 |      20 |  71.4
       D:10 |    1098 |     823 |  42.8 |      18 |       6 |  25.0
       D:11 |    1985 |     224 |  10.1 |      17 |       1 |   5.6
       D:12 |     731 |       0 |   0.0 |       2 |       0 |   0.0
     Lair:1 |    4110 |    1660 |  28.8 |      19 |      19 |  50.0
     Lair:2 |    4933 |    1916 |  28.0 |      23 |       3 |  11.5
     Lair:3 |    3783 |    1540 |  28.9 |      17 |       4 |  19.0
     Lair:4 |    4406 |    4510 |  50.6 |      19 |      10 |  34.5
     Lair:5 |   13237 |    1217 |   8.4 |      36 |       1 |   2.7
     Lair:6 |    6025 |    9730 |  61.8 |      22 |      40 |  64.5
    Volcano |       0 |    2676 | 100.0 |       0 |      12 | 100.0
            +---------+---------+-------+---------+---------+-------
